 Dungeon Crawl Stone Soup version 0.28-a0-750-g7c675f85b1 (webtiles) character file.

Game seed: 10017809183214014753

66 ytrimaz the Skirmisher (level 3, 0/43 HPs)
             Began as a Demonspawn Berserker on Oct 29, 2021.
             Was a Follower of Trog.
             Slain by a goblin (2 damage)
             ... led by Robin
             ... on level 2 of the Dungeon.
             The game lasted 00:01:14 (1544 turns).

ytrimaz the Skirmisher (Demonspawn Berserker)       Turns: 1544, Time: 00:01:15

Health: 0/43       AC:  2    Str: 18    XL:     3   Next: 96%
Magic:  3/3        EV: 12    Int:  8    God:    Trog [*.....]
Gold:   94         SH:  0    Dex: 12    Spells: 2/2 levels left

rFire   . . .      SeeInvis .   a - +0 hand axe
rCold   . . .      Faith    .   (no shield)
rNeg    . . .      Spirit   .   b - +0 animal skin
rPois   .          Reflect  .   (helmet restricted)
rElec   .          Harm     .   (no cloak)
rCorr   .          Rampage  .   (no gloves)
Will    .....                   (no boots)
Stlth   ..........              (no amulet)
HPRegen 0.14/turn               (no ring)
MPRegen 0.08/turn               (no ring)

@: berserking (expiring), very quick
A: antennae 1, powered by pain 1
a: Renounce Religion, Berserk


You were on level 2 of the Dungeon.
You worshipped Trog.
Trog was aware of your devotion.
You visited 1 branch of the dungeon, and saw 2 of its levels.

You collected 94 gold pieces.

Inventory:

Hand Weapons
 a - a +0 hand axe (weapon)
Armour
 b - a +0 animal skin (worn)
Scrolls
 d - a scroll of noise {unknown}
Potions
 c - a potion of resistance {unknown}


   Skills:
 + Level 3.6 Fighting
 + Level 3.5 Axes
 - Level 1.7 Armour
 * Level 2.5 Dodging


You had 2 spell levels left.
You didn't know any spells.
Your spell library was empty.

Dungeon Overview and Level Annotations

Branches:
Dungeon (2/15)

Altars:
Okawaru

Shops:
D:2 :


Innate Abilities, Weirdness & Mutations

You have a pair of small antennae on your head.
You sometimes gain a little power by taking damage.


Message History

You slash the goblin!
You kill the goblin!
Trog accepts your kill. The hobgoblin closely misses you.
You barely miss the hobgoblin. The hobgoblin barely misses you.
You hit the hobgoblin.
You kill the hobgoblin!
Trog accepts your kill.
A hobgoblin comes into view.
Robin says, "Duck!"
You hit Robin but do no damage.
Robin roars a battlecry!
The hobgoblin goes into a battle-frenzy!
You completely miss Robin.
A goblin comes into view. It is wielding a +0 club.
Robin hits you with a +1 mace of holy wrath.
You convulse.
You slash Robin!
Robin is heavily wounded.
Robin hits you with a +1 mace of holy wrath!
* * * LOW HITPOINT WARNING * * *
You convulse.
* * * LOW HITPOINT WARNING * * *
A red film seems to cover your vision as you go berserk!
You feel yourself moving faster!
You feel mighty!
Robin hits you with a +1 mace of holy wrath.
* * * LOW HITPOINT WARNING * * *
You convulse.
* * * LOW HITPOINT WARNING * * *
You slash Robin!
You kill Robin!
Trog accepts your kill. The hobgoblin hits you.
* * * LOW HITPOINT WARNING * * *
Items here: )) [[ ††.
You slice the hobgoblin!!
You kill the hobgoblin!
Trog accepts your kill. The goblin hits you with a +0 club.
You die...

.... ....#
#.###########.#
##.##
#......†......#
##(##########.#
##.#.#######
#.#
#.#.........
...
##.).##..<..
..## ##.## ####
### #)# #@# #g#
#.# #.# #...#
#.# #.... ..#
#... ### #...
#... #...


You could see a goblin.

Vanquished Creatures
  Robin (D:2)
  2 adders (D:2)
  A dart slug (D:1)
  3 ball pythons (D:1)
  3 endoplasms
  3 goblins
  3 hobgoblins
  4 jackals (D:1)
  A quokka (D:2)
  8 bats
  4 frilled lizards
  2 kobolds (D:1)
  A rat (D:1)
36 creatures vanquished.

Notes
Turn   | Place    | Note
-------+----------+-------------------------------------------
     0 | D:1      | ytrimaz the Demonspawn Berserker began the quest for the
                  | Orb.
     0 | D:1      | Reached XP level 1. HP: 18/18 MP: 1/1
   237 | D:1      | Gained mutation: You sometimes gain a little power by
                  | taking damage. [demonic ancestry]
   237 | D:1      | Reached XP level 2. HP: 24/24 MP: 2/2
   968 | D:1      | Gained mutation: You have a pair of small antennae on your
                  | head. [demonic ancestry]
   968 | D:1      | Reached XP level 3. HP: 24/29 MP: 3/3
  1238 | D:2      | Found Ovaguxups's Book Boutique.
  1287 | D:2      | Found an iron altar of Okawaru.
  1530 | D:2      | Noticed Robin
  1541 | D:2      | Killed Robin
  1542 | D:2      | HP: 2/43 [hobgoblin[Robin] (1)]
  1544 | D:2      | Slain by a goblin

Illustrated notes

Levels and vault maps discovered:
D:1:      zelgadis_glass_arrival_small, layout_loops_ring
D:2:      layout_loops_ring, basic_altar, serial_shops, shop,
          chequers_serial_rivers_small_a, uniq_robin

Skill      XL: |  1  2 |
---------------+-------+-----
Dodging        | 2 |  2.5
Axes           | 3 |  3.5
Fighting       | |  3.6
Armour         | |  1.7

Action                   || total
-------------------------++-------
Melee: Hand axe          ||    91
Invok: Berserk           ||     1
  Use: Scroll            ||     3
 Stab: Sleeping          ||     1
Armor: Animal skin       ||    24
Dodge: Dodged            ||    66

Table legend: (Time is in decaauts)
 A = Elapsed time spent in this place.
 B = Non-inter-level travel time spent in this place.
 C = Inter-level travel time spent in this place.
 D = Time resting spent in this place.
 E = Time spent auto-exploring this place.
 F = Levels seen in this place.
 G = Mean time per level.
                   A        B        C        D        E       F      G
               +--------+--------+--------+--------+--------+-----+--------+
         Total |   1556 |   1545 |     11 |    121 |   1187 |   2 |  778.0 |
       Dungeon |   1556 |   1545 |     11 |    121 |   1187 |   2 |  778.0 |
               +--------+--------+--------+--------+--------+-----+--------+

Top non-repeatable levels by time:
     D:1: 1088 daAuts
     D:2: 468 daAuts
